[ AOE2 MATCH · #505976390 ]
UnrankedGoths vs Armenians
Player's team · WIN
[ REPLAY ANALYSIS · EXTRACTED FROM THE RECORDED GAME ]
Feudal
10:40
Castle
23:24
Imperial
—
| APM avg | 70.8 |
| APM peak | 110 |
| eAPM avg | 35.5 |
| Villagers / military | 58 / 68 |
Focus
⚔️ 45.8% · 🌾 54.2%
Militia ×47 · Skirmisher ×17 · Mangonel ×2 · Archer ×1 · Spearman ×1
Feudal
8:31
Castle
23:34
Imperial
—
| APM avg | 62.7 |
| APM peak | 91 |
| eAPM avg | 26.8 |
| Villagers / military | 57 / 30 |
Focus
⚔️ 44.4% · 🌾 55.6%
Archer ×16 · Skirmisher ×14
Match map
Initial resources + every placement click. Lines = walls · curves = elevation contours. ◆ gold · ⬟ stone · ● berries · ✦ relic · ◌ wall gap
Your base· Open — unwalled flank
zankoku sekai no akuma's base· Open — 3t gap
Smoothed initial terrain · ◌ = detected wall gap · hover for details
Inputs per minute
— Margougou - - zankoku sekai no akuma
Build order — Margougou
First 150 of 200 actions detected
| 0:00 | Queue | Villager (Male) |
| 0:00 | Queue | Villager (Male) |
| 0:01 | Queue | Villager (Male) |
| 0:02 | Build | House |
| 0:03 | Build | House |
| 0:04 | Queue | Villager (Male) |
| 1:22 | Queue | Villager (Male) |
| 1:47 | Queue | Villager (Male) |
| 1:47 | Queue | Villager (Male) |
| 2:09 | Build | Lumber Camp |
| 2:17 | Queue | Villager (Male) |
| 2:44 | Queue | Villager (Male) |
| 3:07 | Queue | Villager (Male) |
| 3:25 | Queue | Villager (Male) |
| 3:45 | Build | House |
| 3:51 | Queue | Villager (Male) |
| 4:14 | Build | House |
| 4:19 | Queue | Villager (Male) |
| 4:24 | Queue | Villager (Male) |
| 4:56 | Build | Barracks |
| 5:07 | Queue | Villager (Male) |
| 5:28 | Queue | Villager (Male) |
| 5:32 | Build | House |
| 5:52 | Queue | Militia |
| 5:54 | Queue | Militia |
| 5:56 | Queue | Militia |
| 5:57 | Queue | Villager (Male) |
| 6:26 | Queue | Villager (Male) |
| 6:30 | Queue | Villager (Male) |
| 6:41 | Queue | Villager (Male) |
| 6:44 | Build | Mill |
| 6:52 | Queue | Villager (Male) |
| 7:08 | Queue | Villager (Male) |
| 7:50 | Research | Loom |
| 7:57 | Queue | Villager (Male) |
| 8:10 | Build | Mining Camp |
| 8:31 | Research | Feudal Age |
| 8:55 | Build | Lumber Camp |
| 9:01 | Build | House |
| 9:07 | Build | House |
| 9:40 | Queue | Militia |
| 10:06 | Queue | Militia |
| 10:07 | Queue | Villager (Male) |
| 10:13 | Build | Farm |
| 10:15 | Build | Farm |
| 10:22 | Queue | Militia |
| 10:26 | Build | Farm |
| 10:40 | Age | Feudal Age |
| 10:43 | Research | Man-at-Arms (upgrade) |
| 10:54 | Build | Archery Range |
| 11:04 | Build | Farm |
| 11:04 | Queue | Villager (Male) |
| 11:21 | Queue | Villager (Male) |
| 11:22 | Build | Farm |
| 11:27 | Build | House |
| 11:37 | Queue | Villager (Male) |
| 11:53 | Queue | Skirmisher |
| 12:14 | Queue | Villager (Male) |
| 12:23 | Queue | Skirmisher |
| 12:26 | Build | Blacksmith |
| 12:35 | Build | Farm |
| 12:36 | Queue | Villager (Male) |
| 12:44 | Build | House |
| 12:45 | Queue | Skirmisher |
| 12:54 | Queue | Villager (Male) |
| 13:04 | Queue | Spearman |
| 13:20 | Queue | Skirmisher |
| 13:20 | Queue | Skirmisher |
| 13:28 | Research | Double-Bit Axe |
| 13:31 | Build | Farm |
| 13:32 | Build | Farm |
| 13:40 | Queue | Skirmisher |
| 13:46 | Queue | Villager (Male) |
| 13:53 | Build | Farm |
| 13:56 | Build | Farm |
| 13:57 | Queue | Villager (Male) |
| 14:12 | Research | Fletching |
| 14:14 | Build | Farm |
| 14:22 | Queue | Villager (Male) |
| 14:28 | Queue | Skirmisher |
| 14:32 | Queue | Villager (Male) |
| 14:45 | Queue | Skirmisher |
| 14:48 | Build | Farm |
| 14:53 | Queue | Skirmisher |
| 14:55 | Queue | Villager (Male) |
| 15:09 | Queue | Villager (Male) |
| 15:20 | Queue | Skirmisher |
| 15:22 | Build | Farm |
| 15:22 | Queue | Villager (Male) |
| 15:24 | Build | House |
| 15:40 | Queue | Militia |
| 15:41 | Queue | Militia |
| 15:44 | Queue | Skirmisher |
| 15:50 | Research | Padded Archer Armor |
| 15:55 | Queue | Villager (Male) |
| 15:56 | Build | Farm |
| 15:58 | Build | Farm |
| 16:00 | Build | Farm |
| 16:01 | Build | Farm |
| 16:01 | Build | Farm |
| 16:03 | Queue | Skirmisher |
| 16:10 | Build | House |
| 16:11 | Queue | Militia |
| 16:20 | Queue | Villager (Male) |
| 16:37 | Queue | Militia |
| 16:44 | Build | House |
| 16:44 | Queue | Villager (Male) |
| 16:46 | Queue | Militia |
| 16:52 | Research | Horse Collar |
| 16:58 | Queue | Archer |
| 17:05 | Queue | Militia |
| 17:06 | Queue | Militia |
| 17:08 | Queue | Villager (Male) |
| 17:10 | Build | Farm |
| 17:11 | Build | Lumber Camp |
| 17:16 | Build | House |
| 17:19 | Build | House |
| 17:20 | Queue | Villager (Male) |
| 17:37 | Queue | Militia |
| 17:38 | Queue | Villager (Male) |
| 17:41 | Build | Farm |
| 17:44 | Queue | Villager (Male) |
| 17:47 | Build | Palisade Wall |
| 18:00 | Queue | Militia |
| 18:05 | Queue | Militia |
| 18:08 | Queue | Villager (Male) |
| 18:09 | Build | Farm |
| 18:11 | Build | Farm |
| 18:31 | Queue | Militia |
| 18:33 | Queue | Villager (Male) |
| 18:34 | Queue | Skirmisher |
| 18:36 | Queue | Skirmisher |
| 18:39 | Queue | Skirmisher |
| 19:01 | Queue | Villager (Male) |
| 19:10 | Queue | Skirmisher |
| 19:29 | Research | Scale Mail Armor |
| 19:32 | Queue | Skirmisher |
| 19:34 | Queue | Villager (Male) |
| 19:42 | Build | House |
| 19:47 | Build | Market |
| 19:49 | Queue | Villager (Male) |
| 20:05 | Queue | Villager (Male) |
| 20:14 | Build | Mining Camp |
| 20:44 | Research | Castle Age |
| 20:57 | Build | Barracks |
| 21:00 | Research | Scale Mail Armor |
| 21:00 | Research | Scale Mail Armor |
| 21:40 | Queue | Militia |
| 21:44 | Build | Barracks |
| 21:49 | Queue | Militia |
Build order — zankoku sekai no akuma
First 150 of 169 actions detected
| 0:00 | Queue | Villager (Male) |
| 0:01 | Build | House |
| 0:02 | Build | House |
| 0:06 | Queue | Villager (Male) |
| 0:06 | Queue | Villager (Male) |
| 0:09 | Queue | Villager (Male) |
| 1:23 | Queue | Villager (Male) |
| 1:44 | Build | Mule Cart |
| 2:01 | Queue | Villager (Male) |
| 2:13 | Queue | Villager (Male) |
| 2:44 | Queue | Villager (Male) |
| 3:18 | Queue | Villager (Male) |
| 3:41 | Queue | Villager (Male) |
| 3:52 | Build | House |
| 3:55 | Build | House |
| 4:00 | Queue | Villager (Male) |
| 4:27 | Queue | Villager (Male) |
| 4:38 | Build | Mill |
| 4:57 | Queue | Villager (Male) |
| 5:03 | Queue | Villager (Male) |
| 5:14 | Queue | Villager (Male) |
| 5:36 | Research | Loom |
| 6:21 | Research | Feudal Age |
| 7:03 | Build | Mule Cart |
| 7:20 | Build | Palisade Wall |
| 7:24 | Build | Palisade Wall |
| 7:26 | Build | Palisade Wall |
| 7:29 | Build | Palisade Wall |
| 7:30 | Build | Palisade Wall |
| 7:43 | Queue | Villager (Male) |
| 8:00 | Build | Barracks |
| 8:05 | Queue | Villager (Male) |
| 8:31 | Age | Feudal Age |
| 8:41 | Research | Double-Bit Axe |
| 8:48 | Queue | Villager (Male) |
| 9:05 | Queue | Villager (Male) |
| 9:23 | Build | Archery Range |
| 9:30 | Queue | Villager (Male) |
| 9:53 | Queue | Villager (Male) |
| 9:55 | Build | Farm |
| 9:58 | Build | Farm |
| 10:12 | Build | Farm |
| 10:16 | Build | House |
| 10:19 | Queue | Archer |
| 10:40 | Build | Farm |
| 10:43 | Queue | Villager (Male) |
| 10:54 | Build | Palisade Wall |
| 10:56 | Build | Palisade Wall |
| 11:10 | Build | House |
| 11:15 | Queue | Villager (Male) |
| 11:33 | Queue | Archer |
| 11:37 | Build | Palisade Wall |
| 11:38 | Build | Palisade Wall |
| 11:42 | Queue | Archer |
| 12:10 | Queue | Archer |
| 12:14 | Queue | Villager (Male) |
| 12:26 | Build | Blacksmith |
| 12:39 | Queue | Villager (Male) |
| 12:46 | Build | Farm |
| 13:04 | Build | House |
| 13:09 | Build | Palisade Wall |
| 13:13 | Build | Palisade Wall |
| 13:15 | Research | Fletching |
| 13:16 | Queue | Villager (Male) |
| 13:17 | Build | Farm |
| 13:22 | Queue | Villager (Male) |
| 13:23 | Build | Farm |
| 13:41 | Build | House |
| 13:46 | Queue | Villager (Male) |
| 14:00 | Queue | Skirmisher |
| 14:01 | Queue | Skirmisher |
| 14:06 | Build | House |
| 14:17 | Build | Archery Range |
| 14:30 | Queue | Villager (Male) |
| 14:44 | Queue | Villager (Male) |
| 14:47 | Build | Farm |
| 14:47 | Build | Farm |
| 14:53 | Queue | Skirmisher |
| 15:01 | Build | Farm |
| 15:05 | Queue | Villager (Male) |
| 15:09 | Build | Farm |
| 15:44 | Build | Farm |
| 15:46 | Queue | Villager (Male) |
| 16:04 | Build | Mule Cart |
| 16:06 | Queue | Villager (Male) |
| 16:27 | Build | House |
| 16:28 | Queue | Villager (Male) |
| 16:31 | Build | House |
| 16:33 | Queue | Skirmisher |
| 16:49 | Build | Farm |
| 16:50 | Queue | Villager (Male) |
| 16:55 | Queue | Skirmisher |
| 17:00 | Queue | Villager (Male) |
| 17:07 | Queue | Skirmisher |
| 17:07 | Queue | Skirmisher |
| 17:16 | Build | Palisade Wall |
| 17:26 | Build | Farm |
| 17:27 | Queue | Villager (Male) |
| 17:29 | Queue | Skirmisher |
| 17:33 | Build | Farm |
| 17:40 | Build | House |
| 17:43 | Build | House |
| 17:44 | Queue | Skirmisher |
| 17:56 | Queue | Skirmisher |
| 18:10 | Queue | Skirmisher |
| 18:12 | Queue | Villager (Male) |
| 18:13 | Research | Padded Archer Armor |
| 18:23 | Queue | Skirmisher |
| 18:24 | Queue | Skirmisher |
| 18:24 | Queue | Villager (Male) |
| 18:32 | Build | Farm |
| 18:38 | Build | Farm |
| 18:48 | Queue | Skirmisher |
| 18:57 | Queue | Villager (Male) |
| 19:00 | Build | Mule Cart |
| 19:20 | Build | Farm |
| 19:21 | Build | Farm |
| 19:25 | Build | House |
| 19:32 | Queue | Villager (Male) |
| 19:43 | Queue | Villager (Male) |
| 19:51 | Queue | Archer |
| 19:52 | Queue | Archer |
| 19:55 | Build | House |
| 19:58 | Build | House |
| 20:05 | Build | Farm |
| 20:27 | Queue | Villager (Male) |
| 20:34 | Build | House |
| 20:43 | Build | House |
| 20:54 | Research | Castle Age |
| 20:54 | Research | Castle Age |
| 20:58 | Build | Palisade Wall |
| 21:05 | Queue | Archer |
| 21:21 | Queue | Archer |
| 21:25 | Queue | Villager (Male) |
| 21:32 | Queue | Villager (Male) |
| 21:37 | Queue | Villager (Male) |
| 21:38 | Queue | Archer |
| 22:01 | Build | Farm |
| 22:02 | Research | Horse Collar |
| 22:08 | Queue | Archer |
| 22:08 | Queue | Archer |
| 22:25 | Research | Gold Mining |
| 22:27 | Queue | Villager (Male) |
| 22:27 | Queue | Archer |
| 22:28 | Queue | Archer |
| 22:48 | Build | Farm |
| 23:11 | Queue | Archer |
| 23:23 | Build | House |
| 23:34 | Age | Castle Age |
| 23:37 | Research | Bodkin Arrow |
Match timeline
| 4:56 | Margougou · first_building Barracks |
| 7:20 | zankoku sekai no akuma · wall_segment Palisade Wall x2 |
| 7:24 | zankoku sekai no akuma · wall_segment Palisade Wall x2 |
| 7:26 | zankoku sekai no akuma · wall_segment Palisade Wall x1 |
| 7:29 | zankoku sekai no akuma · wall_segment Palisade Wall x1 |
| 7:30 | zankoku sekai no akuma · wall_segment Palisade Wall x1 |
| 8:00 | zankoku sekai no akuma · first_building Barracks |
| 8:31 | zankoku sekai no akuma · age_up feudal |
| 9:23 | zankoku sekai no akuma · first_building Archery Range |
| 10:40 | Margougou · age_up feudal |
| 10:54 | Margougou · first_building Archery Range |
| 10:54 | zankoku sekai no akuma · wall_segment Palisade Wall x1 |
| 10:56 | zankoku sekai no akuma · wall_segment Palisade Wall x1 |
| 11:37 | zankoku sekai no akuma · wall_segment Palisade Wall x1 |
| 11:38 | zankoku sekai no akuma · wall_segment Palisade Wall x1 |
| 13:09 | zankoku sekai no akuma · wall_segment Palisade Wall x1 |
| 13:13 | zankoku sekai no akuma · wall_segment Palisade Wall x1 |
| 17:16 | zankoku sekai no akuma · wall_segment Palisade Wall x1 |
| 17:47 | Margougou · wall_segment Palisade Wall x15 |
| 20:40 | Margougou · first_market_buy 100 food |
| 20:41 | Margougou · first_market_sell 100 wood |
| 20:58 | zankoku sekai no akuma · wall_segment Palisade Wall x5 |
| 23:24 | Margougou · age_up castle |
| 23:33 | Margougou · first_building Siege Workshop |
| 23:34 | zankoku sekai no akuma · age_up castle |
| 25:41 | zankoku sekai no akuma · resign |
[ AI ANALYSIS · 1 CREDIT ]
What really happened in this match?
Wolo.gg analyzes every decision: build order, eco, micro, common mistakes by bracket. Personalized analysis on WhatsApp or Discord in 30 seconds.
Civ guide
Goths
Perfil
Jugador #15892085